 Dungeon Crawl Stone Soup version 0.18-b1-22-ge198996 (webtiles) character file.

221 RudyRod the Firebug (level 5, 0/36 HPs)
             Began as a Demonspawn Fire Elementalist on May 4, 2016.
             Was a Follower of Vehumet.
             Killed from afar by Natasha (5 damage)
             ... with a magic dart
             ... on level 3 of the Dungeon.
             The game lasted 00:17:19 (3593 turns).

RudyRod the Firebug (Demonspawn Fire Elementalist)  Turns: 3593, Time: 00:17:20

Health: 0/36       AC:  3    Str:  8    XL:     5   Next: 65%
Magic:  0/9        EV: 13    Int: 17    God:    Vehumet [*.....]
Gold:   145        SH:  2    Dex: 14    Spells: 2 memorised, 6 levels left

rFire  . . .     SeeInvis .     i - +0 dagger (freeze)
rCold  . . .     Gourm    .     a - +0 robe
rNeg   . . .     Faith    .     (no shield)
rPois  .         Spirit   +     (no helmet)
rElec  .         Dismiss  .     (no cloak)
rCorr  .         Reflect  +     r - +0 pair of gloves
SustAt .         Harm     .     (no boots)
MR     .....                    n - +2 amulet of reflection
Stlth  ++........               (no ring)
                                (no ring)

@: not resistant to hostile enchantments, unstealthy
A: magic shield
a: Renounce Religion


You were on level 3 of the Dungeon.
You worshipped Vehumet.
Vehumet was aware of your devotion.
You were hungry.

You visited 1 branch of the dungeon, and saw 3 of its levels.

You collected 145 gold pieces.

Inventory:

Hand Weapons
 d - a +0 short sword
 i - a +0 dagger of freezing (weapon)
Armour
 a - a +0 robe (worn)
 r - a +0 pair of gloves (worn)
Jewellery
 n - a +2 amulet of reflection (around neck)
Scrolls
 k - 3 scrolls of fog {unknown}
 l - 4 scrolls of remove curse
 m - a scroll of fear {unknown}
 o - a scroll of random uselessness {unknown}
 p - a scroll of noise {unknown}
 q - a scroll of identify {unknown}
Potions
 e - a potion of flight {unknown}
 g - a potion of resistance {unknown}
 j - a potion of mutation {unknown}
Books
 b - a book of Flames

   Spells                             Type                      Level
   a - Flame Tongue                   Conjuration/Fire             1
   b - Throw Flame                    Conjuration/Fire             2
   c - Conjure Flame                  Conjuration/Fire             3
   d - Inner Flame                    Hexes/Fire                   3
   e - Sticky Flame                   Conjuration/Fire             4
   f - Fireball                       Conjuration/Fire             5
Comestibles
 c - 3 bread rations
 f - 8 fruits
 h - a meat ration
 s - a chunk of flesh


   Skills:
 + Level 0.6 Fighting
 + Level 0.1 Short Blades
 + Level 2.8 Dodging
 + Level 2.6 Stealth
 + Level 2.9 Spellcasting
 + Level 1.8 Conjurations
 + Level 4.1 Fire Magic


You had 6 spell levels left.
You knew the following spells:

 Your Spells              Type           Power        Failure   Level  Hunger
a - Flame Tongue          Conj/Fire      ##...        6%          1    #......
b - Throw Flame           Conj/Fire      ##....       10%         2    ##.....


Dungeon Overview and Level Annotations

Branches:
Dungeon (3/15)

Altars:
Dithmenos
Qazlal
Vehumet
The Shining One

Annotations:
D:3 Natasha, Terence


Innate Abilities, Weirdness & Mutations

When hurt, damage is shared between your health and your magic reserves.


Message History

Some of the chunks of flesh in your inventory have rotted away.
You see here a tomahawk.
Natasha, Servant of Life and Death comes into view.
Natasha closely misses you. Natasha casts a spell at you.
You resist with some effort. Natasha barely misses you.
Natasha stares at you and mumbles some strange words.
You resist with some effort.
There is a large open door here.
There is a large open door here.
Natasha stares at you and mumbles some strange words.
The magic dart hits you!
* * * LOW HITPOINT WARNING * * *
Natasha mumbles some strange words.
Natasha hisses.
The crimson imp puffs mist at you.
Natasha stares at you and mumbles some strange words.
The magic dart hits you!
You die...

.....#.....######..##.......####
...................##.......#
..........##................#
.....(....''..........##'###..
..........##@5........##.# #####
#.........##)h........##.# #...
#.........##..........# #.##
#.........##..........# .....#.#
###(.(....##....@.....# .....#.#
###'#############'###'##.....#.#
..((.....# #.##.........#.#
.........# #.##.........#.#
.........# #.##.......(.#.#
.........# #.##.........#.#
.........########.#..........#.#
.........##..)..(.#.###..#####.#
.........##.#######.##..>......#


You could see Terence, Natasha and a crimson imp.

Vanquished Creatures
  Natasha (twice) (D:3)
  6 adders
  An ooze (D:1)
  3 worms (D:3)
  4 dart slugs
  4 giant geckos
  7 orcs (D:3)
  7 bats
  5 giant cockroaches
  11 goblins
  13 hobgoblins
  10 kobolds
  2 quokkas
  4 giant newts
  4 rats
83 creatures vanquished.

Notes
Turn   | Place    | Note
--------------------------------------------------------------
     0 | D:1      | RudyRod the Demonspawn Fire Elementalist began the quest for the Orb.
     0 | D:1      | Reached XP level 1. HP: 13/13 MP: 3/3
   197 | D:1      | Gained mutation: When hurt, damage is shared between your health and your magic reserves. [demonic ancestry]
   197 | D:1      | Reached XP level 2. HP: 5/19 MP: 1/5
   643 | D:1      | Reached skill level 3 in Fire Magic
   787 | D:1      | Reached XP level 3. HP: 24/24 MP: 0/6
  1583 | D:2      | Reached XP level 4. HP: 30/30 MP: 2/7
  1638 | D:2      | Found a glowing golden altar of the Shining One.
  1968 | D:2      | Found a stormy altar of Qazlal.
  2032 | D:2      | Learned a level 2 spell: Throw Flame
  2067 | D:3      | Found a shadowy altar of Dithmenos.
  2067 | D:3      | Found a radiant altar of Vehumet.
  2071 | D:3      | Became a worshipper of Vehumet
  2682 | D:3      | Reached XP level 5. HP: 27/36 MP: 4/9
  2964 | D:3      | Reached * piety under Vehumet
  2964 | D:3      | Offered knowledge of Sandblast by Vehumet.
  3083 | D:3      | Noticed Natasha
  3088 | D:3      | Killed Natasha
  3174 | D:3      | Noticed Terence
  3300 | D:3      | Reached skill level 4 in Fire Magic
  3353 | D:3      | Noticed Natasha
  3360 | D:3      | Killed Natasha
  3539 | D:3      | HP: 1/36 [Terence/flail (10)]
  3573 | D:3      | Noticed Natasha
  3593 | D:3      | Killed from afar by Natasha

Skill      XL: |  1  2  3  4  5 |
---------------+----------------+-----
Dodging        | 2 |  2.8
Fire Magic     | 3 4 |  4.1
Stealth        | 2 |  2.6
Fighting       | |  0.6
Short Blades   | |  0.1
Spellcasting   | |  2.9
Conjurations   | |  1.8

Action                   |  1- 3 |  4- 6 || total
-------------------------+-------+-------++-------
Melee: Short sword       |    22 |    11 ||    33
       Dagger            |    10 |     9 ||    19
 Cast: Flame Tongue      |    67 |    98 ||   165
       Throw Flame       |       |     3 ||     3
  Use: Scroll            |     2 |       ||     2
 Stab: Sleeping          |     1 |     2 ||     3
  Eat: Chunk             |     3 |     6 ||     9
Armor: Robe              |     7 |     9 ||    16
Dodge: Dodged            |    42 |    42 ||    84
Block: Other             |       |     3 ||     3
